 Dungeon Crawl Stone Soup version 0.32-a0-868-g153ae1a8d6 (webtiles) character file.

Game seed: 2376178785609011544

116697 jasper the Warrior (level 16, -28/160 HPs)
             Began as a Mountain Dwarf Fighter on Mar 27, 2024.
             Was the Champion of Okawaru.
             Annihilated by a titanic slime creature (81 damage)
             ... on level 15 of the Dungeon on Mar 28, 2024.
             The game lasted 00:52:11 (26269 turns).

jasper the Warrior (Mountain Dwarf Fighter)        Turns: 26269, Time: 00:52:11

Health: -28/160    AC: 27    Str: 24    XL:     16   Next: 21%
Magic:  22/22      EV:  5    Int: 12    God:    Okawaru [******]
Gold:   505        SH: 24    Dex:  9    Spells: 15/15 levels left

rFire   + . .        h - +4 demon whip (elec)
rCold   + . .        L - +8 tower shield of Marbles {Slay+2}
rNeg    + . .        a - +4 plate armour {rN+}
rPois   .            E - +0 helmet
rElec   .            Z - scarf {rC+ rF+}
rCorr   .            o - +0 pair of gloves of the gadgeteer {Gadgeteer Wandboost ^Fragile}
SInv    .            n - +2 pair of boots {Stlth+}
Will    ++...        N - amulet of regeneration Stlth
                     s - ring of willpower
HPRegen 1.26/turn    v - +4 ring of slaying
MPRegen 0.18/turn

%: no passive effects
@: no status effects
A: runic magic, artefact enchanting, talons 1
a: Renounce Religion, Heroism, Finesse, Duel


You were on level 15 of the Dungeon.
You worshipped Okawaru.
Okawaru was exalted by your worship.
You visited 4 branches of the dungeon, and saw 23 of its levels.
You also visited: Ossuary, Bailey and Ice Cave.

You collected 3083 gold pieces.
You spent 2578 gold pieces at shops.

Inventory:

Hand Weapons
 h - a +4 demon whip of electrocution (weapon)
Missiles
 e - 57 poisoned darts
 g - 141 stones
 t - 43 boomerangs (quivered)
 K - 4 silver javelins
 P - 10 javelins
Armour
 a - a +4 plate armour of positive energy (worn)
 n - a +2 pair of boots of stealth (worn)
 o - the +0 pair of gloves of the gadgeteer (worn) {Gadgeteer Wandboost ^Fragile}
   (You bought it in a shop on level 3 of the Dungeon)

   Gadgeteer: Your evocable items recharge 30% faster and wands have a 30%
   chance to not spend a charge.
   Wandboost: Your wands are more powerful.
   ^Fragile:  It will be destroyed if unequipped.
 D - a +1 tower shield of cold resistance
 E - a +0 helmet (worn)
 J - a +2 plate armour of fire resistance
 L - the +8 tower shield of Marbles (worn) {Slay+2}
   (Okawaru gifted it to you on level 2 of the Lair of Beasts)

   Slay+2:    It affects your accuracy & damage with ranged weapons and melee
   (+2).
 Z - a scarf of resistance (worn)
Jewellery
 c - a ring of protection from fire
 f - a ring of willpower
 k - an amulet of reflection
 s - a ring of willpower (left hand)
 v - a +4 ring of slaying (right hand)
 H - a ring of resist corrosion
 N - an amulet of regeneration (around neck)
 W - a ring of see invisible
Wands
 b - a wand of acid (11)
 m - a wand of warping (18)
 S - a wand of digging (7)
 V - a wand of polymorph (14)
 X - a wand of flame (17)
Scrolls
 i - a scroll of amnesia
 q - 10 scrolls of teleportation
 r - 4 scrolls of enchant armour
 w - 2 scrolls of revelation
 y - 4 scrolls of vulnerability
 z - 13 scrolls of identify
 B - 2 scrolls of fog
 G - 4 scrolls of blinking
 M - 2 scrolls of silence
 Q - 3 scrolls of summoning
 U - 3 scrolls of fear
Potions
 d - 4 potions of brilliance
 j - 10 potions of lignification
 l - 5 potions of haste
 p - 16 potions of curing
 u - 4 potions of heal wounds
 x - 2 potions of attraction
 A - 3 potions of mutation
 C - 3 potions of cancellation
 I - 6 potions of enlightenment
 O - 4 potions of might
 R - 6 potions of invisibility
 T - a potion of magic
 Y - 4 potions of ambrosia
Miscellaneous
 F - a tin of tremorstones (2/2)


   Skills:
 * Level 19.1 Fighting
 - Level 12.0 Maces & Flails
 + Level 14.0 Armour
 + Level 14.0 Shields
 - Level 8.0 Invocations
 + Level 16.2 Evocations


You had 15 spell levels left.
You didn't know any spells.
Your spell library contained the following spells:

 Spells                   Type           Power      Damage    Failure   Level
 Kiss of Death            Conj/Necr      0%         2d5       82%         1
 Magic Dart               Conj           0%         1d3       82%         1
 Shock                    Conj/Air       0%         1d3       82%         1
 Blink                    Tloc           0%         N/A       91%         2
 Mercury Vapours          Alch/Air       0%         N/A       91%         2
 Scorch                   Fire           0%         2d5       91%         2
 Searing Ray              Conj           0%         2d4       91%         2
 Confusing Touch          Hex            0%         N/A       99%         3
 Frozen Ramparts          Ice            0%         1d1       99%         3
 Hailstorm                Conj/Ice       0%         3d5       99%         3
 Inner Flame              Hex/Fire       0%         N/A       99%         3
 Mephitic Cloud           Conj/Alch/Air  0%         N/A       99%         3
 Ozocubu's Armour         Ice            0%         N/A       99%         3
 Sigil of Binding         Hex            0%         N/A       99%         3
 Swiftness                Air            0%         N/A       99%         3
 Volatile Blastmotes      Fire/Tloc      0%         2d10      99%         3
 Airstrike                Air            0%         2d(0-16)  100%        4
 Dispel Undead            Necr           0%         3d6       100%        4
 Fulminant Prism          Conj/Alch      0%         3d5       100%        4
 Sticky Flame             Fire/Alch      0%         2d4       100%        4
 Freezing Cloud           Conj/Ice/Air   0%         6-21      100%        5
 Irradiate                Conj/Alch      0%         3d11      100%        5
 Iskenderun's Battlesphe  Conj           0%         2d6       100%        5
 Lee's Rapid Deconstruct  Erth           0%         3d4*      100%        5
 Metabolic Englaciation   Hex/Ice        0%         N/A       100%        5
 Bombard                  Conj/Erth      0%         9d1       100%        6
 Permafrost Eruption      Ice/Erth       0%         2x4d2     100%        6
 Orb of Destruction       Conj           0%         9d5       100%        7
 Ignition                 Fire           0%         3d3       100%        8
 Lehudib's Crystal Spear  Conj/Erth      0%         10d2      100%        8
 Call Imp                 Summ           Unusable   N/A       N/A         2
 Summon Ice Beast         Ice/Summ       Unusable   N/A       N/A         3
 Animate Armour           Summ/Erth      Unusable   N/A       N/A         4
 Summon Blazeheart Golem  Fire/Summ      Unusable   N/A       N/A         4
 Summon Lightning Spire   Summ/Air       Unusable   N/A       N/A         4
 Death Channel            Necr           Unusable   N/A       N/A         6
 Sculpt Simulacrum        Ice/Alch       Unusable   N/A       N/A         6
 Spellforged Servitor     Conj/Summ      Unusable   N/A       N/A         7

Dungeon Overview and Level Annotations

Branches:
Dungeon (15/15)            Temple (1/1) D:6            Lair (5/5) D:8
 Shoals (0/4) Lair:3        Snake (0/4) Lair:3        Slime (0/5) Lair:5
    Orc (2/2) D:11            Elf (0/3) Orc:2        Vaults (0/5) D:13
 Depths (0/4) D:15        Ossuary (visited)          Bailey (visited)
  IceCv (visited)

Altars:
Ashenzari
Cheibriados
Dithmenos
Elyvilon
Fedhas
Gozag
Hepliaklqana
Kikubaaqudgha
Makhleb
Nemelex Xobeh
Okawaru
Qazlal
Ru
Sif Muna
Trog
Uskayaw
Vehumet
Wu Jian
Xom
Yredelemnul
Zin
The Shining One
Beogh
Jiyva

Shops:
D:3 (?*[   D:7 :   D:9 !   D:13 !   Orc:2 !=!!=!=![

Annotations:
D:11 3 runed translucent doors, jamsaran's ghost, journeyman TeSu
Lair:4 2 transporters, exclusion: 2 oklob plants, Gadrel's ghost, journeyman CoFE


Innate Abilities, Weirdness & Mutations

Your spellcasting is much less encumbered by armour.
You can use scrolls of enchantment on lesser artefacts.
You have sharp toenails.


Message History

You thrash the large slime creature!!
The large slime creature is lightly wounded.
You thrash the large slime creature!!
The large slime creature is moderately wounded.
You block the large slime creature's attack.
You thrash the large slime creature!!
Lightning courses through the large slime creature!
The large slime creature is heavily wounded.
The large slime creature hits you!
Two slime creatures merge to form a very large slime creature.
You barely miss the very large slime creature.
The very large slime creature is moderately wounded.
You take 16 damage, and have 144/160 hp.
You thrash the very large slime creature!!
Lightning courses through the very large slime creature!
The very large slime creature is heavily wounded.
Two slime creatures merge to form a large slime creature.
You whack the very large slime creature!
The very large slime creature is severely wounded.
You hit the very large slime creature.
The very large slime creature is severely wounded.
Two slime creatures merge to form a titanic slime creature.
You whack the titanic slime creature!
The titanic slime creature is heavily wounded.
You block the titanic slime creature's attack.
You regained 2 hp, and now have 147/160 hp.
You thrash the titanic slime creature!!
The titanic slime creature is heavily wounded.
You thrash the titanic slime creature!!
Lightning courses through the titanic slime creature!
The titanic slime creature is severely wounded.
The titanic slime creature hits you!!!!
Ouch! That really hurt!
You take 96 damage, and have 52/160 hp.
MASSIVE DAMAGE!!
You hit the titanic slime creature.
Lightning courses through the titanic slime creature!
The titanic slime creature is severely wounded.
The titanic slime creature hits you!!!!
Ouch! That really hurt!
You die...

...... #....(..
...P.. #......
...... #.....
...... #...°
.....ß. #..°
...P.ß. #R○ ......
#J# ##...P
#@#############ß..
#.................
#.................
#.................
###############...
#######...
...........
..............
..............


You could see a titanic slime creature and an efreet.

Vanquished Creatures
  Jorgrun (Orc:2)
  Donald (Orc:2)
  A frost giant (Orc:2)
  A fire giant (D:15)
  2 orc warlords
  Azrael (D:14)
  Snorg (Orc:2)
  A rakshasa (D:13)
  4 hydras
  5 vault guards (D:13)
  4 boulder beetles
  2 catoblepae
  2 centaur warriors
  A death knight (D:13)
  2 tengu warriors (D:15)
  4 two-headed ogres
  An orc high priest (D:12)
  Urug (Orc:1)
  8 death yaks (Lair:2)
  A vampire mage (D:15)
  2 skysharks
  4 skeletal warriors
  A spark wasp zombie (D:15)
  2 arcanists (D:14)
  2 lindwurms (Lair:5)
  An obsidian bat (Orc:2)
  5 orc knights
  2 necromancers
  3 orc sorcerers
  21 ugly things
  3 cyclopes
  4 manticores
  6 elephants (Lair:2)
  An ice statue (IceCv)
  7 black mambas
  2 slime creatures (D:14)
  A water nymph (Lair:3)
  2 kobold blastminers (Orc:2)
  3 gargoyles
  An eye of devastation (Lair:5)
  8 cane toads
  An unseen horror (D:12)
  11 komodo dragons
  5 rime drakes
  4 kobold demonologists (D:13)
  2 efreet (D:14)
  3 freezing wraiths
  2 anaconda simulacra (IceCv)
  Psyche (D:9)
  12 ice devils (IceCv)
  A queen bee (Lair:3)
  2 trolls
  A polar bear (shapeshifter) (D:8)
  7 polar bears
  A merfolk (Lair:3)
  5 hornets (Lair:5)
  A spriggan zombie (D:15)
  22 blink frogs
  A glass eye (Lair:5)
  14 dream sheep
  76 yaks
  12 spriggans (Lair:5)
  4 wraiths
  3 fire elementals (D:14)
  A vampire (D:14)
  5 wyverns
  7 humans (D:13)
  5 wargs
  5 death yak simulacra (IceCv)
  2 steam dragons
  4 basilisks
  3 nagas (Lair:3)
  5 vampire mosquitoes
  2 harpy simulacra (IceCv)
  5 acid dragons
  3 hydra simulacra (IceCv)
  3 hell hounds (D:14)
  10 water moccasins
  A sky beast (D:8)
  12 black bears
  53 orc warriors
  2 laughing skulls (D:12)
  32 wolves
  5 ogres
  4 boggarts (Lair:5)
  16 centaurs
  2 phantoms (D:6)
  4 kobold brigands
  14 bullfrogs
  A gnoll sergeant (D:9)
  5 elf zombies (Ossuary)
  4 cane toad simulacra (IceCv)
  4 scorpions
  9 wights (D:8)
  28 killer bees
  8 elephant simulacra (IceCv)
  4 howler monkeys
  2 centaur zombies (Ossuary)
  4 hounds
  2 jellies
  3 human zombies (Ossuary)
  A bombardier beetle (D:6)
  3 gnoll boudas
  20 orc priests
  4 sleepcaps
  5 iguanas
  Ijyb (D:4)
  20 orc wizards
  2 polar bear simulacra (IceCv)
  A troll simulacrum (IceCv)
  A spriggan simulacrum (IceCv)
  A wolf simulacrum (IceCv)
  A crocodile zombie (Ossuary)
  3 mummies (Ossuary)
  9 gnolls
  A naga simulacrum (IceCv)
  10 adders
  2 shadow imps
  14 white imps
  5 ufetubi
  2 dart slugs (D:3)
  99 orcs
  6 ball pythons
  2 endoplasms
  2 giant cockroaches
  7 goblins
  12 hobgoblins
  6 jackals
  29 kobolds
  4 quokkas
  9 bats
  A frilled lizard (D:1)
  5 rats
883 creatures vanquished.

Vanquished Creatures (others)
  2 slime creatures (D:14)
  A vampire mosquito (D:14)
  2 orc wizards
  2 orcs
7 creatures vanquished.

Grand Total: 890 creatures vanquished

Notes
Turn   | Place    | Note
-------+----------+-------------------------------------------
     0 | D:1      | jasper the Mountain Dwarf Fighter began the quest for the
                  | Orb.
     0 | D:1      | Reached XP level 1. HP: 19/19 MP: 1/1
   196 | D:1      | Reached XP level 2. HP: 22/26 MP: 2/2
   948 | D:2      | Reached XP level 3. HP: 31/31 MP: 3/3
  1610 | D:3      | Reached skill level 5 in Maces & Flails
  1659 | D:3      | Reached XP level 4. HP: 38/38 MP: 4/4
  1815 | D:3      | Found Zistik's Magic Scroll Shoppe.
  1818 | D:3      | Found Dytz's Antique Weapon Shop.
  1929 | D:3      | Found Deemaawym's Assorted Antiques.
  1953 | D:3      | Found Noit's Antique Armour Boutique.
  2017 | D:3      | Reached XP level 5. HP: 44/45 MP: 5/5
  2032 | D:3      | Found a radiant altar of Vehumet.
  2070 | D:3      | Found a glowing silver altar of Zin.
  2335 | D:4      | Found a sand-covered staircase.
  2340 | Ossuary  | Entered an ossuary
  2418 | Ossuary  | Reached XP level 6. HP: 30/51 MP: 6/6
  2596 | Ossuary  | Reached XP level 7. HP: 40/57 MP: 7/7
  2733 | Ossuary  | Reached skill level 10 in Maces & Flails
  2869 | D:4      | Found a sparkling altar of Nemelex Xobeh.
  2933 | D:4      | Noticed Ijyb
  2953 | D:4      | HP: 4/85 [orc priest/divine providence (12)]
  2955 | D:4      | Gained mutation: Your magical capacity is low. (-10% MP)
                  | [potion of mutation]
  2955 | D:4      | Gained mutation: You are weak. (Str -2) [potion of
                  | mutation]
  2955 | D:4      | Gained mutation: Your mind is acute. (Int +4, Str/Dex -1)
                  | [potion of mutation]
  2955 | D:4      | Gained mutation: Your mind is very acute. (Int +8, Str/Dex
                  | -2) [potion of mutation]
  2982 | D:4      | Killed Ijyb
  3251 | D:4      | Found a glowing golden altar of the Shining One.
  3309 | D:4      | Lost mutation: Your mind is very acute. (Int +8, Str/Dex
                  | -2) [potion of mutation]
  3309 | D:4      | Lost mutation: Your mind is acute. (Int +4, Str/Dex -1)
                  | [potion of mutation]
  3309 | D:4      | Gained mutation: You are frail. (-10% HP) [potion of
                  | mutation]
  3309 | D:4      | Gained mutation: You expend magic power (3 MP) to
                  | strengthen your wands. [potion of mutation]
  3309 | D:4      | Gained mutation: You have sharp toenails. [potion of
                  | mutation]
  3309 | D:4      | Gained mutation: You possess an exceptional clarity of
                  | mind. [potion of mutation]
  3709 | D:4      | Identified a scroll of acquirement
  3709 | D:4      | Acquired 770 gold pieces
  3763 | D:3      | Bought the +0 pair of gloves of the gadgeteer {Gadgeteer
                  | Wandboost ^Fragile} for 960 gold pieces
  3763 | D:3      | Found the +0 pair of gloves of the gadgeteer {Gadgeteer
                  | Wandboost ^Fragile}
  3780 | D:3      | Bought a scroll labelled UBLEDD PODWORIA for 23 gold pieces
  3780 | D:3      | Bought a fizzy golden potion for 20 gold pieces
  3813 | D:5      | Entered Level 5 of the Dungeon
  3820 | D:5      | Reached XP level 8. HP: 7/56 MP: 7/7
  4536 | D:5      | Reached skill level 1 in Evocations
  4668 | D:5      | Got the Parchment of Oxidation and the Congregation
  5045 | D:6      | Reached skill level 4 in Fighting
  5255 | D:6      | Found a staircase to the Ecumenical Temple.
  5265 | Temple   | Entered the Ecumenical Temple
  5278 | Temple   | Became a worshipper of Warmaster Okawaru
  5579 | D:6      | Reached skill level 5 in Fighting
  5579 | D:6      | Reached skill level 1 in Invocations
  5582 | D:6      | Upgraded the game from 0.32-a0-859-gb0a091d592 to
                  | 0.32-a0-868-g153ae1a8d6
  5744 | D:6      | Reached * piety under Okawaru
  5745 | D:6      | Reached XP level 9. HP: 66/66 MP: 9/9
  6649 | D:7      | Found a white marble altar of Elyvilon.
  7212 | D:7      | Found Urpheata's Tiny Tomes.
  7410 | D:8      | Reached skill level 6 in Fighting
  7617 | D:8      | Reached skill level 5 in Armour
  7619 | D:8      | Reached skill level 5 in Shields
  7646 | D:8      | HP: 3/62 [wight/+1 trident (7)]
  7903 | D:8      | Reached ** piety under Okawaru
  8225 | D:8      | Noticed a boulder beetle
  8227 | D:8      | Reached skill level 7 in Fighting
  8245 | D:8      | HP: 2/69 [boulder beetle (17)]
  8349 | D:9      | Found Varoed's Distillery.
  8354 | D:9      | Bought a potion of resistance for 120 gold pieces
  8484 | D:9      | Noticed a two-headed ogre
  8598 | D:9      | Reached XP level 10. HP: 38/79 MP: 9/12
  8622 | D:9      | Reached skill level 8 in Fighting
  9004 | D:9      | Killed a two-headed ogre
  9004 | D:9      | Reached *** piety under Okawaru
  9005 | D:9      | Reached skill level 5 in Invocations
  9005 | D:9      | Reached skill level 5 in Evocations
  9376 | D:9      | Noticed Psyche
  9385 | D:9      | Killed Psyche
  9386 | D:9      | Reached skill level 9 in Fighting
  9790 | D:9      | Noticed a brown ugly thing
  9812 | D:9      | Killed a brown ugly thing
  9812 | D:9      | Reached **** piety under Okawaru
  9818 | D:9      | Noticed a centaur warrior
  9830 | D:9      | Killed a centaur warrior
  9831 | D:9      | Reached XP level 11. HP: 52/89 MP: 11/14
 10082 | D:9      | Bought a potion of mutation for 96 gold pieces
 10082 | D:9      | Lost mutation: You are frail. (-10% HP) [potion of
                  | mutation]
 10082 | D:9      | Lost mutation: You possess an exceptional clarity of mind.
                  | [potion of mutation]
 10082 | D:9      | Lost mutation: You are weak. (Str -2) [potion of mutation]
 10082 | D:9      | Lost mutation: You expend magic power (3 MP) to strengthen
                  | your wands. [potion of mutation]
 10082 | D:9      | Lost mutation: Your magical capacity is low. (-10% MP)
                  | [potion of mutation]
 10479 | D:10     | Entered Level 10 of the Dungeon
 10494 | D:10     | Reached skill level 10 in Fighting
 10605 | D:10     | Reached ***** piety under Okawaru
 10783 | D:10     | Found a shimmering blue altar of Sif Muna.
 10783 | D:10     | Found an opulent altar of Gozag.
 10783 | D:10     | Found a sacrificial altar of Ru.
 10973 | D:10     | Found a flagged portal.
 10982 | Bailey   | Entered a bailey
 10987 | Bailey   | Noticed an orc warlord
 11024 | Bailey   | Noticed an orc knight
 11045 | Bailey   | Killed an orc knight
 11045 | Bailey   | Received a gift from Okawaru
 11046 | Bailey   | Reached skill level 11 in Fighting
 11073 | Bailey   | Found a runed translucent gate.
 11075 | Bailey   | Found a runed translucent gate.
 11083 | Bailey   | Found a runed translucent gate.
 11278 | Bailey   | Killed an orc warlord
 11291 | Bailey   | Acquired a manual of Evocations
 11302 | Bailey   | Got the Guide on the Incendiary Barrage
 12004 | D:11     | Found a staircase to the Orcish Mines.
 12271 | D:11     | Reached XP level 12. HP: 83/110 MP: 18/18
 12349 | D:11     | Found a runed translucent gate.
 12349 | D:11     | Found a runed translucent gate.
 12350 | D:11     | Found a runed translucent gate.
 12350 | D:11     | Noticed jamsaran's ghost (journeyman TeSu)
 12734 | D:11     | Found a viscous altar of Jiyva.
 12834 | D:8      | Reached skill level 12 in Fighting
 12843 | D:8      | You fall into a shaft and drop 1 floor!
 13294 | D:8      | Killed a boulder beetle
 13294 | D:8      | Received a gift from Okawaru
 13415 | D:8      | Found a staircase to the Lair.
 13994 | Lair:1   | Entered Level 1 of the Lair of Beasts
 14654 | Lair:1   | Reached skill level 13 in Fighting
 14784 | Lair:1   | Reached skill level 10 in Evocations
 15369 | Lair:2   | Reached ****** piety under Okawaru
 15370 | Lair:2   | Acquired a +2 demon whip of electrocution
 15370 | Lair:2   | Received a gift from Okawaru
 15371 | Lair:2   | Acquired the +7 tower shield of Marbles {Slay+2}
 15371 | Lair:2   | Received a gift from Okawaru
 15378 | Lair:2   | Reached skill level 10 in Armour
 15393 | Lair:2   | Received a gift from Okawaru
 15403 | Lair:2   | Reached skill level 10 in Shields
 15416 | Lair:2   | Reached XP level 13. HP: 44/122 MP: 19/19
 15645 | Lair:2   | Received a gift from Okawaru
 15646 | Lair:2   | Reached skill level 14 in Fighting
 16431 | Lair:3   | Received a gift from Okawaru
 16697 | Lair:3   | Found a staircase to the Snake Pit.
 16702 | Lair:3   | Reached skill level 15 in Fighting
 16936 | Lair:3   | Received a gift from Okawaru
 17398 | Lair:4   | Found a transporter.
 17442 | Lair:4   | Reached XP level 14. HP: 135/135 MP: 20/20
 17859 | Lair:4   | Noticed Gadrel's ghost (journeyman CoFE)
 17882 | Lair:4   | Found a transporter.
 18224 | Lair:5   | Entered Level 5 of the Lair of Beasts
 18492 | Lair:5   | Received a gift from Okawaru
 18916 | Lair:5   | Reached skill level 16 in Fighting
 19238 | Lair:5   | Received a gift from Okawaru
 19283 | Lair:5   | Found a viscous altar of Jiyva.
 19284 | Lair:5   | Found a staircase to the Slime Pits.
 20349 | Orc:1    | Entered Level 1 of the Orcish Mines
 20397 | Orc:1    | Found a roughly hewn altar of Beogh.
 20462 | Orc:1    | Noticed Urug
 20478 | Orc:1    | Killed Urug
 20754 | Orc:2    | Entered Level 2 of the Orcish Mines
 20950 | Orc:2    | Found Onequfing's Distillery.
 20953 | Orc:2    | Bought a potion of curing for 42 gold pieces
 20953 | Orc:2    | Bought a potion of heal wounds for 70 gold pieces
 20953 | Orc:2    | Bought a potion of curing for 42 gold pieces
 20953 | Orc:2    | Bought a potion of invisibility for 112 gold pieces
 20953 | Orc:2    | Bought a potion of heal wounds for 70 gold pieces
 20953 | Orc:2    | Bought a potion of invisibility for 112 gold pieces
 21059 | Orc:2    | Found Qiem's Distillery.
 21066 | Orc:2    | Noticed Saint Roka
 21078 | Orc:2    | Reached skill level 17 in Fighting
 21080 | Orc:2    | Saint Roka changed into Saint Roka the frost giant
 21080 | Orc:2    | Noticed Saint Roka
 21099 | Orc:2    | Killed Saint Roka the frost giant
 21099 | Orc:2    | Noticed Donald
 21107 | Orc:2    | Noticed Jorgrun
 21110 | Orc:2    | Received a gift from Okawaru
 21149 | Orc:2    | Killed Jorgrun
 21150 | Orc:2    | Reached skill level 15 in Evocations
 21159 | Orc:2    | Killed Donald
 21160 | Orc:2    | Reached XP level 15. HP: 52/147 MP: 17/21
 21251 | Orc:2    | Noticed Snorg
 21264 | Orc:2    | Killed Snorg
 21413 | Orc:2    | Bought a potion of curing for 42 gold pieces
 21413 | Orc:2    | Bought a potion of haste for 140 gold pieces
 21413 | Orc:2    | Bought a potion of cancellation for 112 gold pieces
 21413 | Orc:2    | Bought a potion of mutation for 112 gold pieces
 21454 | Orc:2    | Found Foeczajie's Armour Shoppe.
 21469 | Orc:2    | Found Tirujo's Jewellery Shoppe.
 21508 | Orc:2    | Found a staircase to the Elven Halls.
 21584 | Orc:2    | Received a gift from Okawaru
 21693 | Orc:2    | Found Wusoar's Distillery.
 21697 | Orc:2    | Bought a potion of curing for 30 gold pieces
 21697 | Orc:2    | Bought a potion of curing for 30 gold pieces
 21697 | Orc:2    | Bought a potion of curing for 30 gold pieces
 21697 | Orc:2    | Bought a potion of might for 40 gold pieces
 21697 | Orc:2    | Bought a potion of lignification for 30 gold pieces
 21866 | Orc:2    | Found Ewereth's Distillery.
 21866 | Orc:2    | Found Apnuwuel's Distillery.
 21868 | Orc:2    | Found Owealare's Jewellery Boutique.
 21870 | Orc:2    | Found Zir Kador's Jewellery Shoppe.
 22969 | D:12     | Found a roughly hewn altar of Beogh.
 22997 | D:12     | Received a gift from Okawaru
 23360 | D:13     | Found Roitru's Distillery.
 23427 | D:13     | Bought a potion of haste for 150 gold pieces
 23427 | D:13     | Bought a potion of heal wounds for 75 gold pieces
 23427 | D:13     | Bought a potion of heal wounds for 75 gold pieces
 23427 | D:13     | Bought a potion of lignification for 45 gold pieces
 23722 | D:13     | Reached skill level 18 in Fighting
 23970 | D:13     | Found a gate to the Vaults.
 24038 | D:13     | Found a frozen archway.
 24082 | IceCv    | Entered an ice cave
 24258 | IceCv    | Received a gift from Okawaru
 24309 | IceCv    | Found an ancient bone altar of Kikubaaqudgha.
 25053 | D:14     | Noticed Azrael
 25092 | D:14     | Received a gift from Okawaru
 25156 | D:14     | Killed Azrael
 25177 | D:14     | Reached XP level 16. HP: 106/159 MP: 22/22
 25314 | D:14     | Found a blossoming altar of Fedhas.
 25691 | D:15     | Entered Level 15 of the Dungeon
 25985 | D:15     | Noticed Rupert
 25989 | D:15     | Rupert changed into Rupert the fire giant
 25989 | D:15     | Noticed Rupert
 25997 | D:15     | Killed Rupert the fire giant
 26057 | D:15     | Received a gift from Okawaru
 26058 | D:15     | Reached skill level 19 in Fighting
 26163 | D:15     | Found a staircase to the Depths.
 26269 | D:15     | Annihilated by a titanic slime creature

Illustrated notes

Levels and vault maps discovered:
D:1:      dpeg_arrival_ternary, layout_basic
D:2:      layout_basic
D:3:      layout_basic, nicolae_vehumet_radiance, zin_treasury, serial_shops,
          nicolae_shop_pleasant_corner_grove, shop, shop,
          nicolae_shop_tiny_statue_garden, nicolae_half_adder
D:4:      minmay_wonky_spiral, layout_cave_pools,
          mainiacjoe_overflow_surrounded_room, nemelex_diamond_rough_becter,
          nicolae_ossuary_entry_plus, corexii_checkpoint, uniq_ijyb
D:5:      layout_basic, st_stairs_13, roderic_lattice_a, feat_on_display
D:6:      layout_loops_cross, minmay_temple_entry_enclosed_plants
D:7:      layout_basic, kennysheep_little_box,
          nicolae_shop_i_like_small_books_too
D:8:      nzn_winding_woodlands_cross
          [nzn_winding_woodlands_5x15_river_crossing,
          nzn_winding_woodlands_5x15_garden, nzn_winding_woodlands_5x15_pockets,
          nzn_winding_woodlands_5x15_eye,
          nzn_winding_woodlands_15x15_boxy_spiral], layout_layer_cave,
          lair_entry_dummy
D:9:      layout_cave_pods, serial_shops, shop,
          minmay_fractal_squares_gapless_7, uniq_psyche
D:10:     layout_loops_ring, gammafunk_temple_overflow_claw, enter_bailey_8,
          hangedman_abyss_or_decor_stabs
D:11:     layout_irregular_city, hiddenorc2_lemuel, gammafunk_ghost_ooze
D:12:     orc_temple, layout_basic
D:13:     layout_loops_cross, ximxim_vaults_locker_room, serial_shops,
          nicolae_shop_tiny_waterfront, portal_ice_cave_entry_imps
D:14:     layout_big_octagon, chequers_hall_statues_corner_a, fedhas_altar_2,
          uniq_azrael
D:15:     gammafunk_depths_entry_grave, layout_long_grid, grunt_decor_clamped,
          grunt_dithmenos_shadows, uniq_rupert
Temple:   dpeg_chambers_temple
Lair:1:   layout_roguey
Lair:2:   layout_regular_city, chequers_serial_rivers_small_a,
          nicolae_lair_grazing_beasts [nicolae_sub_lair_graze_edge,
          nicolae_sub_lair_graze_edge, nicolae_sub_lair_graze_edge,
          nicolae_sub_lair_graze_edge]
Lair:3:   beast_lair_carwin_large_3, layout_hall_layers,
          nicolae_shoals_entry_flooding, minmay_snake_entry_guardpost_small,
          special_room [special_room_bee]
Lair:4:   layout_regular_city, nzn_ghost_randoct
Lair:5:   minmay_lair_end_enchanted_forest, layout_gridlike,
          minmay_slime_entry_eyes, chequers_serial_rivers_large_a,
          bh_autumn_forest_stairs, minivault_25
Orc:1:    layout_diamond_mine, mines2_david, uniq_urug
Orc:2:    st_orc_rangers, layout_diamond_mine, serial_shops,
          nicolae_diamond_shop, nicolae_shop_behind_doors,
          nicolae_shop_tiny_statue_garden, nicolae_shop_behind_doors,
          nicolae_shop_back_alley_shop, uniq_snorg, uniq_donald,
          uniq_saint_roka, uniq_jorgrun

Skill      XL: |  1  2  3  4  5  6  7  8  9 10 11 12 13 14 15 16 |
---------------+-------------------------------------------------+-----
Maces & Flails | 3 4 5 6 7 9 11 12 | 12.0
Evocations     | 2 4 6 7 10 13 15 16 | 16.2
Fighting       | 5 7 9 11 13 15 17 18 19 | 19.1
Armour         | 4 5 7 8 10 11 12 13 14 | 14.0
Shields        | 4 5 7 8 10 11 12 13 14 | 14.0
Invocations    | 1 4 6 8 |  8.0

Action                     |  1- 3 |  4- 6 |  7- 9 | 10-12 | 13-15 | 16-18 || total
---------------------------+-------+-------+-------+-------+-------+-------++-------
  Melee: Flail             |   120 |   169 |   577 |  1035 |       |       ||  1901
         Kick              |       |       |    86 |       |       |       ||    86
         Demon whip        |       |       |       |    35 |  1873 |   159 ||  2067
  Throw: Dart              |     1 |     1 |       |     9 |     7 |       ||    18
         Boomerang         |       |       |       |       |    20 |       ||    20
 Invoke: Heroism           |       |       |     2 |     7 |     1 |       ||    10
         Finesse           |       |       |       |     1 |     6 |       ||     7
         Receive Weapon    |       |       |       |     1 |       |       ||     1
         Receive Armour    |       |       |       |     1 |       |       ||     1
  Evoke: Wand              |       |       |     3 |    15 |    12 |     3 ||    33
         Tin of tremorston |       |       |       |       |    11 |       ||    11
    Use: Potion            |     1 |     1 |    12 |     1 |     5 |       ||    20
         Scroll            |     7 |     4 |     7 |     5 |     4 |     1 ||    28
 Armour: Scale mail        |    77 |    69 |   119 |       |       |       ||   265
         Skin              |       |       |    19 |       |       |       ||    19
         Plate armour      |       |       |   158 |   785 |   677 |    49 ||  1669
  Dodge: Dodged            |    45 |    36 |    87 |   184 |    96 |     4 ||   452
  Block: Buckler           |    72 |    74 |   246 |   197 |       |       ||   589
         Reflection        |       |     1 |     7 |     1 |       |       ||     9
         Tower shield      |       |       |       |   404 |  2027 |   136 ||  2567

Table legend: (Time is in decaauts)
 A = Elapsed time spent in this place.
 B = Non-inter-level travel time spent in this place.
 C = Inter-level travel time spent in this place.
 D = Time resting spent in this place.
 E = Time spent auto-exploring this place.
 F = Levels seen in this place.
 G = Mean time per level.
                   A        B        C        D        E       F      G
               +--------+--------+--------+--------+--------+-----+--------+
         Total |  25376 |  24197 |   1179 |   1426 |  16082 |  26 |  976.0 |
       Dungeon |  16129 |  15375 |    754 |    972 |  10814 |  15 | 1075.3 |
        Temple |     26 |      2 |     24 |      0 |      0 |   1 |   26.0 |
          Lair |   5997 |   5757 |    240 |    422 |   3490 |   5 | 1199.4 |
  Orcish Mines |   1723 |   1564 |    159 |     15 |    998 |   2 |  861.5 |
       Ossuary |    518 |    518 |      0 |      0 |    298 |   1 |  518.0 |
        Bailey |    344 |    344 |      0 |      0 |    169 |   1 |  344.0 |
      Ice Cave |    638 |    638 |      0 |     17 |    312 |   1 |  638.0 |
               +--------+--------+--------+--------+--------+-----+--------+

Top non-repeatable levels by time:
     D:9: 2214 daAuts
     D:8: 2141 daAuts
  Lair:5: 1622 daAuts
   Orc:2: 1265 daAuts
  Lair:2: 1264 daAuts
     D:5: 1195 daAuts
  Lair:1: 1195 daAuts
     D:7: 1155 daAuts
     D:6: 1100 daAuts
  Lair:4: 1062 daAuts
    D:10: 1054 daAuts
    D:12: 1026 daAuts
     D:4: 1020 daAuts
     D:1: 878 daAuts
    D:11: 865 daAuts
